TKirby, neutral male human Priest ----- ------------ #@r... |..........| #|...| |...........####|...+ |..........| ##...^| |.........<| ##----- |..........| |..........| ------------ TKirby the Acolyte Experience level: 4 Strength: 13 Dexterity: 14 Constitution: 14 Intelligence: 11 Wisdom: 16 Charisma: 9 Health: 0(30) Energy: 32(39) Def: 7 Gold: 1123 Moves: 2658 Dungeon seed: 22F5Dly-nHG6HrDW Game ID: TKirby_1506971902 Your Inventory: Coins $ - 1123 gold pieces Amulets h - an amulet of ESP (being worn) Weapons a - a blessed +1 mace (weapon in hand) w - a blessed +0 quarterstaff (alternate weapon; not wielded) Armor e - a +0 robe (being worn) n - a +0 small shield (being worn) r - a blessed +1 orcish helm (being worn) y - a blessed +1 pair of gauntlets of dexterity (being worn) Comestibles c - a clove of garlic d - a sprig of wolfsbane Scrolls s - 2 scrolls of identify u - a scroll of confuse monster v - a scroll of remove curse Spellbooks f - a spellbook of extra healing g - a spellbook of stone to flesh i - a spellbook of confuse monster Potions b - 4 potions of holy water o - a potion of invisibility B - a blessed potion of fruit juice Rings p - a ring of teleportation t - a ring of levitation x - a ring of regeneration z - a +3 ring of increase damage A - a ring of warning Gems q - a worthless piece of yellowish brown glass N - a chrysoberyl stone Spells and supernatural/magical abilities: Name Level Category Fail Memory u - confuse monster 2 enchantment 62% 89% x - extra healing 3 healing 94% 87% S - stone to flesh 3 healing 97% 87% W - pray for help -- divine ? -- X - turn undead -- divine ? -- Your skills at the end: Fighting Skills Weapon Skills mace [Basic] Spellcasting Skills clerical spells [Basic] Final Attributes: You were piously aligned. You were telepathic. You are dead. Vanquished creatures: a kitten a kobold lord 5 iguanas 3 manes a hobgoblin a cave spider 2 geckos 2 jackals a kobold 3 goblins 9 grid bugs 6 lichens 4 newts 39 creatures vanquished. Voluntary challenges: You followed a strict vegan diet. You had been an atheist until turn 2626. You used a wielded weapon 38 times, starting on turn 341. You read items or engraved 3 times, starting on turn 371. You never genocided any monsters. You never polymorphed an object. You never changed form. You used no wishes. You never split a pudding. You never wrote Elbereth's name. You never violated your personal moral code. Dungeon overview: The Dungeons of Doom: levels 1 to 7 Level 1 an altar to Issek a long staircase Level 2 a fountain Level 3 a general store stairs to The Gnomish Mines Level 4 a fountain Level 5 Level 6 some fountains Level 7 <- You were here The Gnomish Mines: Level 4 stairs to The Dungeons of Doom History has recorded: On T:1 you entered the Dungeons of Doom to retrieve the Amulet of Yendor! On T:308 you reached level 2 of The Dungeons of Doom. On T:735 you advanced to experience level 2. On T:844 you reached level 3 of The Dungeons of Doom. On T:1132 you reached level 1 of The Gnomish Mines. On T:1423 you reached level 4 of The Dungeons of Doom. On T:1651 you advanced to experience level 3. On T:1969 you reached level 5 of The Dungeons of Doom. On T:2223 you reached level 6 of The Dungeons of Doom. On T:2430 you advanced to experience level 4. On T:2594 you reached level 7 of The Dungeons of Doom. Score breakdown: Gold: 1123 (10377 points) Experience: 4 levels ( 9649 points) Exploration: 7 levels ( 14.89%) (10834 points) Discoveries: 2 items ( 0.67%) ( 2461 points) Valuables value: (no points given unless you survive) Artifact value: 0 ( 0 points) Variety of kills: 13 monsters ( 3.41%) ( 5541 points) Turncount: 2658 turns ( -421 points) Survival: died (score multiplied by 80%) Total score: 30752 Latest messages: Maple eats a kitten corpse. A - an ivory ring. You faint from lack of food. You come to. You begin praying to Mog. You are surrounded by a shimmering light. You feel that Mog is well-pleased. Your stomach feels content. B - a blessed dark green potion. You hear some noises. You hear some noises in the distance. You hear some noises. You hear some noises in the distance. You stop exploring. You stop. Maple is in the way! The rabid rat bites! Suddenly, maple disappears out of sight. You miss the rabid rat. The rabid rat bites! You fail to cast the spell correctly. The rabid rat bites! You die... Final status: Goodbye TKirby the Priest, killed by a rabid rat... You died in The Dungeons of Doom on dungeon level 7 with 30752 points, and 1123 pieces of gold, after 2658 moves. You were level 4 with a maximum of 30 hit points when you died.